 Dungeon Crawl Stone Soup version 0.28-a0-519-gbfeecf2fc5 (webtiles) character file.

Game seed: 3117775704329449793

2579 robertstho the Magician (level 9, -3/62 HPs)
             Began as a Djinni Fire Elementalist on Sept 23, 2021.
             Was an Initiate of Makhleb.
             Slain by an ogre (19 damage)
             ... on level 7 of the Dungeon.
             The game lasted 00:10:04 (7805 turns).

robertstho the Magician (Djinni Fire Elementalist)  Turns: 7805, Time: 00:10:05

Health: -3/62      AC: 10    Str:  7    XL:     9   Next: 88%
Gold:   359        EV: 10    Int: 26    God:    Makhleb [......] SH:  0 Dex: 14

rFire   + + +      SeeInvis +   y - +5 long sword of Plog {spect, rC+}
rCold   . . .      Faith    .   (no shield)
rNeg    . . .      Spirit   .   g - +2 ring mail {rF+}
rPois   ∞          Reflect  .   c - +1 hat
rElec   .          Harm     .   m - +0 cloak
rCorr   .          Rampage  .   (no gloves)
Will    .....                   (boots unavailable)
Stlth   +.........              (no amulet)
HPRegen 0.20/turn               h - ring of see invisible
MPRegen 0.00/turn               f - +6 ring of intelligence

@: flying
A: sickness immunity, fire resistance 2, cold vulnerability 1, float, innate
caster, hp casting, extra vitality 1
a: Renounce Religion


You were on level 7 of the Dungeon.
You worshipped Makhleb.
Makhleb was noncommittal.
You visited 2 branches of the dungeon, and saw 8 of its levels.

You collected 429 gold pieces.
You spent 70 gold pieces at shops.

Inventory:

Hand Weapons
 d - a +0 dagger
 y - the +5 long sword of Plog (weapon) {spect, rC+}
   (You found it on level 4 of the Dungeon)

   When its wielder attacks, the weapon's spirit leaps out and strikes again.
   The spirit shares a part of any damage it takes with its wielder.
   rC:        It protects you from cold.
Armour
 a - a +0 robe
 c - a +1 hat (worn)
 g - a +2 ring mail of fire resistance (worn)
 m - a +0 cloak (worn)
Jewellery
 f - a +6 ring of intelligence (right hand)
 h - a ring of see invisible (left hand)
 o - a ring of protection from cold
 r - a +4 ring of evasion
Wands
 D - a wand of acid (11)
Scrolls
 e - a scroll of vulnerability
 l - 3 scrolls of fear {unknown}
 n - 2 scrolls of teleportation
 t - a scroll of summoning {unknown}
 u - 3 scrolls of magic mapping {unknown}
 v - a scroll of silence {unknown}
 x - 2 scrolls of brand weapon {unknown}
 z - a scroll of fog
 A - 4 scrolls of enchant weapon {unknown}
 B - a scroll of identify
 E - a scroll of noise {unknown}
 F - a scroll of immolation {unknown}
 G - 2 scrolls of enchant armour {unknown}
Potions
 b - 2 potions of haste {unknown}
 i - 2 potions of heal wounds {unknown}
 j - 3 potions of lignification {unknown}
 k - a potion of ambrosia {unknown}
 p - 2 potions of might {unknown}
 q - a potion of cancellation {unknown}
 s - 2 potions of mutation {unknown}
 w - a potion of curing {unknown}
 C - a potion of brilliance {unknown}


   Skills:
 * Level 4.2 Fighting
 + Level 0.4(2.5) Short Blades
 + Level 4.1 Long Blades
 * Level 5.9 Armour
 + Level 3.2 Dodging
 + Level 2.2 Stealth
 * Level 6.5 Spellcasting
 * Level 2.4 Invocations


You couldn't memorise any spells.
You knew the following spells:

 Your Spells              Type           Power      Damage    Failure   Level
a - Foxfire               Conj/Fire      100%       2x1d9     1%          1
b - Scorch                Fire           84%        2d9       1%          2
c - Conjure Flame         Conj/Fire      42%        6-21      4%          3
d - Inner Flame           Hex/Fire       42%        N/A       4%          3
e - Flame Wave            Conj/Fire      42%        3d8       13%         4
f - Summon Small Mammal   Summ           100%       N/A       1%          1
g - Static Discharge      Conj/Air       42%        N/A       1%          2
h - Swiftness             Air            42%        N/A       4%          3
i - Dazzling Flash        Conj/Hex       84%        N/A       4%          3
Your spell library was empty.

Dungeon Overview and Level Annotations

Branches:
Dungeon (7/15)             Temple (1/1) D:6

Altars:
Ashenzari
Cheibriados
Elyvilon
Fedhas
Gozag
Hepliaklqana
Kikubaaqudgha
Makhleb
Nemelex Xobeh
Okawaru
Qazlal
Ru
Sif Muna
Trog
Uskayaw
Wu Jian
Xom
Yredelemnul
Zin
The Shining One

Shops:
D:2 ?   D:4 *

Annotations:
D:4 Good shop


Innate Abilities, Weirdness & Mutations

You are immune to sickness and miasma.
You are immune to poison.
Your flesh is very heat resistant. (rF++)
You are vulnerable to cold. (rC-)
You float through the air rather than walking.
You learn spells naturally, not from books.
Your magical power is your life essence.
You have superior vitality. (+4 HP)


Message History

Press: ? - help, Dir - look around, f - activate A wave of flame ripples out!
The flame wave engulfs the hound!
The hound is severely wounded.
The flame wave engulfs the hound!
The hound is severely wounded.
The flame wave engulfs the electric eel!
The electric eel is almost dead. (Press . to intensify the flame waves.)
The hound barely misses you. The hound bites you but does no damage.
The electric eel is engulfed in a cloud of scalding steam.
You kill the electric eel!
Makhleb accepts your kill.
You hear a splash.
The hound barely misses you.
A wave of flame ripples out!
The flame wave engulfs the hound!
You kill the hound!
Makhleb accepts your kill.
The flame wave engulfs the hound!
You kill the hound!
Makhleb accepts your kill.
The flame wave engulfs the ogre.
The ogre is moderately wounded.
A wave of flame ripples out!
The flame wave engulfs the ogre!
The ogre is heavily wounded.
The flame wave engulfs the scorpion!
The scorpion is severely wounded.
* * * LOW HITPOINT WARNING * * *
You finish channelling waves of flame.
The ogre closely misses you.
Unknown command.
Unknown command.
Casting: Flame Wave (dangerous; 13% risk of failure)
Confirm with . or Enter, or press ? or * to list all spells.
Casting: Dazzling Flash (dangerous; 4% risk of failure)
Press: ? - help, Dir - look around, f - activate The ogre is dazzled.
* * * LOW HITPOINT WARNING * * *
The scorpion is engulfed in a cloud of scalding steam.
The scorpion splashes around in the water.
The ogre hits you with a +0 giant club!!
You die...

##.≈..≈..<..##.........
###≈.≈≈#.#.....##..##..
#...≈≈.#...............
#...≈........#........>
#.................##.##
####.>.................
#.##.....#..#####.##
######'######## #
#≈≈≈≈≈§.§@§§≈≈# ..
#≈≈≈≈...†Os§≈≈# #.
#≈≈≈......§§≈≈# ##
#≈≈(...#..§§§≈#
#≈...≈≈.≈≈...≈#
#≈...≈...≈...≈#
#≈..#..#..#..≈#
≈...≈...≈...≈#


You could see an ogre (blind) and a scorpion.

Vanquished Creatures
  Maggie (D:7)
  A steam dragon (D:6)
  Menkaure (D:5)
  3 ice beasts
  2 sky beasts
  2 black bears
  2 necrophages (D:5)
  2 ogres
  A centaur (D:7)
  A bullfrog (D:6)
  4 scorpions
  A water moccasin skeleton (D:6)
  An electric eel (D:7)
  A howler monkey (D:5)
  A centaur zombie (D:6)
  A jelly (D:6)
  An orc priest (D:7)
  3 bullfrog skeletons
  3 hounds
  An iguana (D:4)
  2 orc wizards
  A hound skeleton (D:5)
  4 adders
  A howler monkey skeleton (D:7)
  A shadow imp (D:7)
  A white imp (D:5)
  An ufetubus (D:5)
  An adder skeleton (D:5)
  A worm (D:2)
  2 dart slugs (D:2)
  20 orcs
  5 bats
  6 endoplasms
  2 giant cockroaches
  3 goblins
  16 hobgoblins
  8 jackals
  3 kobolds
  4 quokkas
  12 ball pythons
  4 frilled lizards
  4 rats
  2 bushes (D:6)
137 creatures vanquished.

Vanquished Creatures (others)
  325 foxfires
325 creatures vanquished.

Grand Total: 462 creatures vanquished

Notes
Turn   | Place    | Note
-------+----------+-------------------------------------------
     0 | D:1      | robertstho the Djinni Fire Elementalist began the quest for
                  | the Orb.
     0 | D:1      | Reached XP level 1. HP: 15/15 MP: 0/0
   266 | D:1      | Reached XP level 2. HP: 14/21 MP: 0/0
   627 | D:1      | Reached skill level 3 in Spellcasting
   748 | D:1      | Reached XP level 3. HP: 9/25 MP: 0/0
   748 | D:1      | Learned a level 1 spell: Summon Small Mammal
  1846 | D:2      | Reached XP level 4. HP: 21/31 MP: 0/0
  2470 | D:2      | Found Xudod's Magic Scroll Boutique.
  2654 | D:2      | Bought a scroll of identify for 28 gold pieces
  2654 | D:2      | Bought a scroll of teleportation for 42 gold pieces
  3056 | D:3      | You are sucked into a shaft and drop 2 floors!
  3056 | D:5      | Entered Level 5 of the Dungeon
  3059 | D:5      | Found a white marble altar of Elyvilon.
  3083 | D:5      | Reached XP level 5. HP: 27/36 MP: 0/0
  3083 | D:5      | Learned a level 2 spell: Static Discharge
  3308 | D:5      | Reached skill level 1 in Armour
  3337 | D:5      | Noticed a necrophage
  3351 | D:4      | Found Voigiygh's Assorted Antiques.
  3411 | D:3      | Reached skill level 1 in Fighting
  4288 | D:4      | Noticed an ogre
  4294 | D:4      | Killed an ogre
  4295 | D:4      | Reached skill level 4 in Spellcasting
  4295 | D:4      | Reached XP level 6. HP: 29/42 MP: 0/0
  4393 | D:4      | Identified the +5 long sword of Plog {spect, rC+}
  4586 | D:4      | Noticed a black bear
  4594 | D:4      | Killed a black bear
  4819 | D:4      | Noticed a sky beast
  4827 | D:4      | Killed a sky beast
  4828 | D:4      | Reached skill level 5 in Spellcasting
  4828 | D:4      | Reached XP level 7. HP: 44/49 MP: 0/0
  4828 | D:4      | Learned a level 3 spell: Swiftness
  5655 | D:5      | Noticed Menkaure
  5664 | D:5      | Killed Menkaure
  5895 | D:5      | Reached XP level 8. HP: 42/55 MP: 0/0
  6092 | D:5      | Reached skill level 1 in Long Blades
  6167 | D:5      | Identified a scroll of acquirement
  6168 | D:5      | Acquired a +6 ring of intelligence
  6322 | D:6      | Reached skill level 6 in Spellcasting
  6489 | D:6      | Found a staircase to the Ecumenical Temple.
  6552 | Temple   | Entered the Ecumenical Temple
  6716 | Temple   | Became a worshipper of Makhleb the Destroyer
  6885 | D:6      | Reached XP level 9. HP: 27/61 MP: 0/0
  6885 | D:6      | Learned a level 3 spell: Dazzling Flash
  6887 | D:6      | Reached skill level 1 in Invocations
  7135 | D:6      | Found an ornate altar of the Wu Jian Council.
  7137 | D:6      | Found an opulent altar of Gozag.
  7140 | D:6      | Found a bloodstained altar of Trog.
  7336 | D:7      | Noticed Maggie
  7343 | D:7      | Killed Maggie
  7344 | D:7      | Reached skill level 5 in Armour
  7805 | D:7      | Slain by an ogre

Illustrated notes

Levels and vault maps discovered:
D:1:      mainiacjoe_arrival_reflecting_pool, layout_basic
D:2:      layout_basic, serial_shops, shop
D:3:      cheibrodos_greedy_goblins, layout_basic
D:4:      layout_gridville, serial_shops, nicolae_shop_waterfront, hex_large
D:5:      layout_basic, mainiacjoe_overflow_tiny_flanked, uniq_menkaure
D:6:      layout_cave_pools, minitemple, minmay_temple_entry_statues_fountains,
          serial_park, serial_park_gazebo [serial_park_minivault_5x5_3],
          serial_park_square1 [serial_park_minivault_5x5_5], serial_park_tiny_1,
          hangedman_decor_lopped
D:7:      layout_rooms, serial_rivers, chequers_serial_rivers_small_a,
          chequers_serial_rivers_large_a, chequers_serial_rivers_small_b,
          chequers_serial_rivers_small_b, minivault_10,
          kennysheep_generic_room_2, uniq_maggie
Temple:   nicolae_temple_elliptical

Skill      XL: |  1  2  3  4  5  6  7  8  9 |
---------------+----------------------------+-----
Spellcasting   | 3 4 5 6 |  6.5
Armour         | 1 2 3 4 5 |  5.9
Fighting       | 1 2 3 4 |  4.2
Stealth        | 2 |  2.2
Long Blades    | 2 4 |  4.1
Dodging        | 3 |  3.2
Invocations    | 2 |  2.4
Short Blades   | |  0.4

Action                   |  1- 3 |  4- 6 |  7- 9 || total
-------------------------+-------+-------+-------++-------
Melee: Unarmed           |     1 |       |       ||     1
       Dagger            |    17 |     3 |       ||    20
       Long sword        |       |       |    85 ||    85
 Cast: Foxfire           |    54 |   116 |    21 ||   191
       Scorch            |     1 |     3 |    12 ||    16
       Flame Wave        |       |       |     7 ||     7
       Dazzling Flash    |       |       |     2 ||     2
  Use: Scroll            |       |       |     4 ||     4
 Stab: Sleeping          |     1 |       |       ||     1
Armor: Robe              |     6 |       |       ||     6
       Ring mail         |     4 |    22 |    43 ||    69
Dodge: Dodged            |    26 |    20 |    77 ||   123

Table legend: (Time is in decaauts)
 A = Elapsed time spent in this place.
 B = Non-inter-level travel time spent in this place.
 C = Inter-level travel time spent in this place.
 D = Time resting spent in this place.
 E = Time spent auto-exploring this place.
 F = Levels seen in this place.
 G = Mean time per level.
                   A        B        C        D        E       F      G
               +--------+--------+--------+--------+--------+-----+--------+
         Total |   7833 |   7527 |    306 |    367 |   6255 |   8 |  979.1 |
       Dungeon |   7649 |   7364 |    285 |    367 |   6111 |   7 | 1092.7 |
        Temple |    184 |    164 |     20 |      0 |    144 |   1 |  184.0 |
               +--------+--------+--------+--------+--------+-----+--------+

Top non-repeatable levels by time:
     D:1: 1688 daAuts
     D:2: 1471 daAuts
     D:5: 1201 daAuts
     D:6: 1165 daAuts
     D:4: 1103 daAuts
     D:3: 737 daAuts
     D:7: 280 daAuts
  Temple: 184 daAuts
